 Dungeon Crawl Stone Soup version 0.29-a0-887-gcbe080d7e0 (webtiles) character file.

Game seed: 11249870793306111781

2641 jimonade the Skirmisher (level 9, -6/71 HPs)
             Began as a Gnoll Hunter on July 21, 2022.
             Was a Priest of Okawaru.
             Mangled by an unseen horror (9 damage)
             ... on level 7 of the Dungeon.
             The game lasted 00:16:09 (6350 turns).

jimonade the Skirmisher (Gnoll Hunter)              Turns: 6350, Time: 00:16:10

Health: -6/71      AC:  7    Str: 12    XL:     9   Next: 61%
Magic:  15/15      EV: 15    Int: 10    God:    Okawaru [***...]
Gold:   296        SH:  0    Dex: 19    Spells: 17/17 levels left

rFire   . . .      SeeInvis .   a - +3 shortbow
rCold   . . .      Faith    .   (shield currently unavailable)
rNeg    . . .      Spirit   .   c - +0 leather armour
rPois   .          Reflect  .   A - +0 helmet
rElec   .          Harm     .   (no cloak)
rCorr   +          Rampage  .   f - +1 pair of gloves of the Nexus {Str+2 Slay+2}
Will    .....                   (no boots)
Stlth   +++.......              t - amulet of regeneration
HPRegen 1.01/turn               o - ring of resist corrosion
MPRegen 0.14/turn               (no ring)

@: mighty, hasted, very quick
A: fangs 1, strong nose, distributed training
a: Renounce Religion, Heroism


You were on level 7 of the Dungeon.
You worshipped Okawaru.
Okawaru was most pleased with you.
You visited 1 branch of the dungeon, and saw 7 of its levels.
You also visited: Sewer.

You collected 371 gold pieces.
You spent 75 gold pieces at shops.

Inventory:

Hand Weapons
 a - a +3 shortbow (weapon)
 b - the +8 spear "Taijeqoi" {pain, rCorr}
   (You found it on level 6 of the Dungeon)

   In the hands of one skilled in necromantic magic, it inflicts extra damage on
   living creatures.
   rCorr:     It protects you from acid and corrosion.
 d - a +0 short sword
 i - a +0 scimitar
 q - a +0 sling
 s - a +0 spear
 E - a +1 short sword of flaming
 I - a +1 hand axe of electrocution
 J - a +0 shortbow
 L - a +0 short sword of venom
Missiles
 e - 41 stones
 v - 3 curare-tipped darts
 C - 8 poisoned darts
Armour
 c - a +0 leather armour (worn)
 f - the +1 pair of gloves of the Nexus (worn) {Str+2 Slay+2}
   (You acquired it on level 2 of the Dungeon)

   Str:       It affects your strength (+2).
   Slay:      It affects your accuracy & damage with ranged weapons and melee
   (+2).
 h - a +0 pair of gloves
 k - an orb of guile
 m - a +0 ring mail
 z - a +0 chain mail
 A - a +0 helmet (worn)
 M - a +1 robe of positive energy
Jewellery
 o - a ring of resist corrosion (left hand)
 t - an amulet of regeneration (around neck)
Wands
 y - a wand of flame (41)
Scrolls
 g - 3 scrolls of blinking
 l - 3 scrolls of teleportation
 r - 3 scrolls of vulnerability
 w - 2 scrolls of immolation
 G - a scroll of noise {unknown}
 K - a scroll of fear
Potions
 j - 8 potions of curing
 n - 3 potions of attraction
 u - a potion of magic
 x - 2 potions of mutation
 B - 2 potions of haste
 D - 3 potions of lignification {unknown}
 F - a potion of heal wounds {unknown}
 H - 2 potions of degeneration {unknown}


   Skills:
 + Level 6.5 Fighting
 + Level 4.6 Short Blades
 + Level 4.6 Long Blades
 + Level 4.6 Axes
 + Level 4.6 Maces & Flails
 + Level 4.6 Polearms
 + Level 4.6 Staves
 + Level 9.7 Ranged Weapons
 + Level 4.6 Throwing
 + Level 4.6 Armour
 + Level 6.5 Dodging
 + Level 5.2 Stealth
 + Level 4.6 Shields
 + Level 4.6 Unarmed Combat
 + Level 4.6 Spellcasting
 + Level 3.8 Conjurations
 + Level 3.8 Hexes
 + Level 3.8 Summonings
 + Level 3.8 Necromancy
 + Level 3.8 Translocations
 + Level 3.8 Transmutations
 + Level 3.8 Fire Magic
 + Level 3.8 Ice Magic
 + Level 3.8 Air Magic
 + Level 3.8 Earth Magic
 + Level 3.8 Poison Magic
 + Level 5.0 Invocations
 + Level 4.6 Evocations


You had 17 spell levels left.
You didn't know any spells.
Your spell library contained the following spells:

 Spells                   Type           Power      Damage    Failure   Level
 Apportation              Tloc           18%        N/A       6%          1
 Beastly Appendage        Tmut           18%        N/A       6%          1
 Wereblood                Tmut           9%         N/A       10%         2
 Conjure Flame            Conj/Fire      9%         6-21      19%         3
 Gell's Gravitas          Tloc           9%         N/A       19%         3
 Ignite Poison            Fire/Tmut/Pois 9%         N/A       19%         3
 Lesser Beckoning         Tloc           9%         N/A       19%         3
 Spider Form              Tmut/Pois      9%         N/A       19%         3
 Teleport Other           Tloc           9%         N/A       19%         3
 Leda's Liquefaction      Hex/Erth       4%         N/A       54%         4
 Sticky Flame             Conj/Fire      9%         2d3       54%         4
 Alistair's Intoxication  Tmut/Pois      6%         N/A       87%         5
 Lee's Rapid Deconstruct  Erth           4%         3d6*      87%         5
 Dispersal                Tloc           4%         N/A       100%        6
 Statue Form              Tmut/Erth      6%         N/A       100%        6
 Storm Form               Tmut/Air       4%         N/A       100%        7
 Disjunction              Tloc           4%         N/A       100%        8
 Maxwell's Capacitive Co  Air            4%         ∞         100%        8
 Summon Lightning Spire   Summ/Air       Unusable   N/A       N/A         4

Dungeon Overview and Level Annotations

Branches:
Dungeon (7/15)             Temple (0/1) D:6           Sewer (visited)

Altars:
Makhleb
Nemelex Xobeh
Okawaru
Ru
Xom
Zin

Shops:
D:2 ?[   D:5 *

Annotations:
D:3 exclusion: downstairs
D:4 2 runed translucent doors
D:6 exclusion: downstairs


Innate Abilities, Weirdness & Mutations

You have very sharp teeth.
Your uncanny sense of smell can sniff out nearby items.
Your experience applies equally to all skills.


Message History

Press: ? - help, Q - select action, (/) - cycle Shift-Dir - straight line You shoot an arrow.
Fire: a) +3 shortbow
Press: ? - help, Q - select action, (/) - cycle Shift-Dir - straight line You shoot an arrow.
Something hits you.
* * * LOW HITPOINT WARNING * * *
Fire: a) +3 shortbow
Press: ? - help, Q - select action, (/) - cycle Shift-Dir - straight line You shoot an arrow.
Something hits you but does no damage.
Fire: a) +3 shortbow
Press: ? - help, Q - select action, (/) - cycle Shift-Dir - straight line You shoot an arrow.
Something hits you.
* * * LOW HITPOINT WARNING * * *
Fire: a) +3 shortbow
Press: ? - help, Q - select action, (/) - cycle Shift-Dir - straight line You shoot an arrow.
Something hits you!
* * * LOW HITPOINT WARNING * * *
You feel very mighty all of a sudden.
You feel mightier all of a sudden. Something hits you.
* * * LOW HITPOINT WARNING * * *
Something hits you!
* * * LOW HITPOINT WARNING * * *
No previous command to re-do.
No previous command to re-do.
No previous command to re-do.
No previous command to re-do.
Fire: a) +3 shortbow
Press: ? - help, Q - select action, (/) - cycle Shift-Dir - straight line You shoot an arrow.
Something completely misses you.
Fire: a) +3 shortbow
Press: ? - help, Q - select action, (/) - cycle Shift-Dir - straight line You shoot an arrow.
Something hits you!
You die...

#.._.≈≈..≈.........
#....≈≈..≈.........
#...≈≈..≈≈(#.......
##..≈≈..≈...#######
#..≈..≈≈.##)######
#........###))))..
#.##.##.....######
#.##.......##
#@#####....#
#.#####.####
#.......# #########


There were no monsters in sight!

Vanquished Creatures
  Prince Ribbit (D:5)
  A steam dragon (D:7)
  Menkaure (D:5)
  A water moccasin (D:7)
  Duvessa (D:7)
  An orc warrior (D:7)
  A black bear (D:6)
  4 ice beasts
  3 centaurs (D:7)
  An ogre (D:4)
  A necrophage (D:6)
  A bullfrog (D:6)
  4 scorpions
  3 killer bees (D:7)
  A howler monkey (D:6)
  An electric eel (D:7)
  A crimson imp (D:7)
  3 hounds
  An orc priest (D:7)
  2 jellies
  4 iguanas (D:5)
  Jessica (D:3)
  An orc wizard (D:7)
  4 river rats (Sewer)
  5 adders
  A shadow imp (D:6)
  A white imp (D:6)
  13 orcs
  6 ball pythons
  6 giant cockroaches
  5 goblins
  6 hobgoblins
  4 jackals (D:1)
  11 kobolds
  5 quokkas
  4 bats
  13 frilled lizards
  6 rats
129 creatures vanquished.

Vanquished Creatures (others)
  A fungus (D:1)
1 creature vanquished.

Grand Total: 130 creatures vanquished

Notes
Turn   | Place    | Note
-------+----------+-------------------------------------------
     0 | D:1      | jimonade the Gnoll Hunter began the quest for the Orb.
     0 | D:1      | Reached XP level 1. HP: 20/20 MP: 1/1
    59 | D:1      | Reached XP level 2. HP: 25/26 MP: 2/2
   575 | D:1      | Reached XP level 3. HP: 31/31 MP: 3/3
   730 | D:1      | Found a faded altar of an unknown god.
  1043 | D:2      | Found Emiet's Armour Emporium.
  1428 | D:2      | Reached skill level 1 in Invocations
  1607 | D:2      | Found Raobbice's Magic Scroll Shop.
  1616 | D:2      | Bought a scroll of enchant weapon for 75 gold pieces
  1637 | D:2      | Identified a scroll of acquirement
  1637 | D:2      | Acquired the +1 pair of gloves of the Nexus {Str+2 Slay+2}
  1827 | D:3      | Noticed Jessica
  1831 | D:3      | Killed Jessica
  1832 | D:3      | Reached skill level 1 in Short Blades
  1832 | D:3      | Reached skill level 1 in Long Blades
  1832 | D:3      | Reached skill level 1 in Axes
  1832 | D:3      | Reached skill level 1 in Maces & Flails
  1832 | D:3      | Reached skill level 1 in Polearms
  1832 | D:3      | Reached skill level 1 in Staves
  1832 | D:3      | Reached skill level 1 in Throwing
  1832 | D:3      | Reached skill level 1 in Armour
  1832 | D:3      | Reached skill level 1 in Shields
  1832 | D:3      | Reached skill level 1 in Unarmed Combat
  1832 | D:3      | Reached skill level 1 in Spellcasting
  1832 | D:3      | Reached skill level 1 in Evocations
  1832 | D:3      | Reached XP level 4. HP: 38/38 MP: 5/5
  1840 | D:3      | Found a glowing drain.
  1849 | Sewer    | Entered a sewer
  1929 | Sewer    | Reached skill level 1 in Conjurations
  1929 | Sewer    | Reached skill level 1 in Hexes
  1929 | Sewer    | Reached skill level 1 in Summonings
  1929 | Sewer    | Reached skill level 1 in Necromancy
  1929 | Sewer    | Reached skill level 1 in Translocations
  1929 | Sewer    | Reached skill level 1 in Transmutations
  1929 | Sewer    | Reached skill level 1 in Fire Magic
  1929 | Sewer    | Reached skill level 1 in Ice Magic
  1929 | Sewer    | Reached skill level 1 in Air Magic
  1929 | Sewer    | Reached skill level 1 in Earth Magic
  1929 | Sewer    | Reached skill level 1 in Poison Magic
  1997 | Sewer    | Reached XP level 5. HP: 43/43 MP: 5/7
  2682 | D:4      | Noticed an ogre
  2740 | D:4      | Found a large runed translucent door.
  2740 | D:4      | Found a large runed translucent door.
  2740 | D:4      | Found a shimmering altar of Xom.
  2775 | D:4      | Reached XP level 6. HP: 50/50 MP: 8/8
  3049 | D:4      | Reached skill level 5 in Fighting
  3049 | D:4      | Reached skill level 5 in Dodging
  3180 | D:4      | Found an iron altar of Okawaru.
  3546 | D:4      | Became a worshipper of Warmaster Okawaru
  3626 | D:5      | Entered Level 5 of the Dungeon
  3700 | D:5      | Noticed an ice beast
  3719 | D:5      | Killed an ice beast
  3720 | D:5      | Reached XP level 7. HP: 56/56 MP: 10/10
  3790 | D:5      | Reached * piety under Okawaru
  3808 | D:5      | Reached skill level 9 in Ranged Weapons
  3833 | D:5      | Found Laov's Assorted Antiques.
  3833 | D:5      | Noticed Menkaure
  3837 | D:5      | Killed Menkaure
  4109 | D:5      | Noticed Prince Ribbit
  4121 | D:5      | Killed Prince Ribbit
  4121 | D:5      | Reached ** piety under Okawaru
  4122 | D:5      | Reached XP level 8. HP: 63/63 MP: 12/12
  4327 | D:6      | Found a staircase to the Ecumenical Temple.
  4649 | D:6      | Identified the +8 spear "Taijeqoi" {pain, rCorr}
  4698 | D:7      | Found a sparkling altar of Nemelex Xobeh.
  5223 | D:7      | Noticed Duvessa
  5239 | D:7      | Killed Duvessa
  5239 | D:7      | Reached *** piety under Okawaru
  5240 | D:7      | Reached XP level 9. HP: 31/69 MP: 13/15
  5980 | D:7      | Found a glowing silver altar of Zin.
  5990 | D:7      | Found a burning altar of Makhleb.
  6013 | D:7      | Reached skill level 5 in Stealth
  6163 | D:7      | Reached skill level 5 in Invocations
  6268 | D:7      | Found a sacrificial altar of Ru.
  6348 | D:7      | HP: 1/71 [something (7)]
  6350 | D:7      | Mangled by an unseen horror

Illustrated notes

Levels and vault maps discovered:
D:1:      dpeg_arrival_water_fire, layout_loops_ring,
          dreamdust_ecumenical_altar_grove
D:2:      layout_basic, serial_shops, shop_statue, shop, minmay_misc_feat_room,
          kennysheep_generic_room_15
D:3:      layout_basic, cheibrodos_sewer_entry_drain, uniq_jessica
D:4:      due_chaos_kobolds, layout_gridville, okawaru_trees_2, serial_glass,
          glass_columns_a, glass_columns_a
D:5:      layout_loops_ring, serial_shops, shop, uniq_prince_ribbit1,
          uniq_menkaure
D:6:      layout_rooms, minmay_temple_entry_overgrown
D:7:      layout_loops_cross, makhleb_grotto_becter,
          mainiacjoe_overflow_catch_the_wave, amcnicky_altar_gilded,
          minmay_misc_feat_nine_boxes, minmay_stone_trees_small, uniq_duvessa

Skill      XL: |  1  2  3  4  5  6  7  8  9 |
---------------+----------------------------+-----
Invocations    | 1 2 3 4 5 |  5.0
Short Blades   | 1 2 3 4 |  4.6
Long Blades    | 1 2 3 4 |  4.6
Axes           | 1 2 3 4 |  4.6
Maces & Flails | 1 2 3 4 |  4.6
Polearms       | 1 2 3 4 |  4.6
Staves         | 1 2 3 4 |  4.6
Throwing       | 1 2 3 4 |  4.6
Armour         | 1 2 3 4 |  4.6
Shields        | 1 2 3 4 |  4.6
Unarmed Combat | 1 2 3 4 |  4.6
Spellcasting   | 1 2 3 4 |  4.6
Evocations     | 1 2 3 4 |  4.6
Conjurations   | 1 2 3 |  3.8
Hexes          | 1 2 3 |  3.8
Summonings     | 1 2 3 |  3.8
Necromancy     | 1 2 3 |  3.8
Translocations | 1 2 3 |  3.8
Transmutations | 1 2 3 |  3.8
Fire Magic     | 1 2 3 |  3.8
Ice Magic      | 1 2 3 |  3.8
Air Magic      | 1 2 3 |  3.8
Earth Magic    | 1 2 3 |  3.8
Poison Magic   | 1 2 3 |  3.8
Stealth        | 3 4 5 |  5.2
Fighting       | 5 6 |  6.5
Dodging        | 5 6 |  6.5
Ranged Weapons | 9 |  9.7

Action                   |  1- 3 |  4- 6 |  7- 9 || total
-------------------------+-------+-------+-------++-------
Melee: Shortbow          |       |       |     1 ||     1
       Bite              |       |       |     1 ||     1
 Fire: Shortbow          |    68 |   116 |   222 ||   406
  Use: Scroll            |     9 |       |     7 ||    16
       Potion            |       |       |     3 ||     3
Armor: Leather armour    |     4 |     8 |    36 ||    48
Dodge: Dodged            |    17 |    31 |    88 ||   136

Table legend: (Time is in decaauts)
 A = Elapsed time spent in this place.
 B = Non-inter-level travel time spent in this place.
 C = Inter-level travel time spent in this place.
 D = Time resting spent in this place.
 E = Time spent auto-exploring this place.
 F = Levels seen in this place.
 G = Mean time per level.
                   A        B        C        D        E       F      G
               +--------+--------+--------+--------+--------+-----+--------+
         Total |   6440 |   6065 |    375 |    829 |   3875 |   8 |  805.0 |
       Dungeon |   6042 |   5667 |    375 |    829 |   3630 |   7 |  863.1 |
         Sewer |    398 |    398 |      0 |      0 |    245 |   1 |  398.0 |
               +--------+--------+--------+--------+--------+-----+--------+

Top non-repeatable levels by time:
     D:7: 1129 daAuts
     D:1: 1033 daAuts
     D:6: 979 daAuts
     D:4: 847 daAuts
     D:2: 784 daAuts
     D:5: 636 daAuts
     D:3: 632 daAuts
   Sewer: 398 daAuts
